 Dungeon Crawl Stone Soup version 0.27.0-1-g7a089689b8 (webtiles) character file.

Game seed: 59765579040836407

163 dolemite99 the Poker (level 5, -4/57 HPs)
             Began as a Demonspawn Gladiator on Aug 2, 2021.
             Was a Follower of Uskayaw.
             Slain by Sigmund (7 damage)
             ... on level 3 of the Dungeon.
             The game lasted 00:02:11 (2704 turns).

dolemite99 the Poker (Demonspawn Gladiator)         Turns: 2704, Time: 00:02:12

Health: -4/57      AC:  8    Str: 16    XL:     5   Next: 20%
Magic:  5/5        EV:  7    Int:  9    God:    Uskayaw [*.....]
Gold:   67         SH:  0    Dex: 14    Spells: 4/4 levels left

rFire    . . .     SeeInvis .   a - +0 trident
rCold    . . .     Faith    .   (no shield)
rNeg     . . .     Spirit   .   n - +0 chain mail
rPois    .         Reflect  .   (helmet restricted)
rElec    .         Harm     .   (no cloak)
rCorr    .         Rampage  .   (no gloves)
Will     .....                  (no boots)
Stlth    ..........             (no amulet)
HPRegen  0.19/turn              (no ring)
MPRegen  0.09/turn              (no ring)

@: confused, berserking, flying, very quick
A: claws 1, horns 1, spiny 1
a: Renounce Religion, Stomp


You were on level 3 of the Dungeon.
You worshipped Uskayaw.
Uskayaw was noncommittal.
You visited 1 branch of the dungeon, and saw 3 of its levels.

You collected 67 gold pieces.

Inventory:

Hand Weapons
 a - a +0 trident (weapon)
 d - a +1 short sword of speed
Missiles
 l - 42 stones (quivered)
 q - 7 poisoned darts
Armour
 c - a +0 helmet
 i - a +2 ring mail of fire resistance
 n - a +0 chain mail (worn)
Scrolls
 b - a scroll of holy word {unknown}
 f - a scroll of vulnerability {unknown}
 k - a scroll of enchant weapon {unknown}
 o - a scroll of identify {unknown}
Potions
 e - a potion of haste {unknown}
 g - a potion of berserk rage
 h - a potion of ambrosia {unknown}
 j - a potion of flight
 m - a potion of brilliance {unknown}
 p - 3 potions of might {unknown}
 r - 3 potions of curing {unknown}


   Skills:
 - Level 2.0 Fighting
 + Level 5.4 Polearms
 - Level 1.7 Throwing
 - Level 2.6 Dodging


You had 4 spell levels left.
You didn't know any spells.
Your spell library was empty.

Dungeon Overview and Level Annotations

Branches:
Dungeon (3/15)

Altars:
Uskayaw

Annotations:
D:3 Sigmund


Innate Abilities, Weirdness & Mutations

You have sharp fingernails.
You have a pair of small horns on your head.
You are partially covered in sharp spines.


Message History

The poisoned dart closely misses Sigmund.
Sigmund hits you from afar with a +0 scythe.
Sigmund is struck by your spines. Sigmund hits you with a +0 scythe.
You puncture Sigmund!
Sigmund is moderately wounded.
Sigmund casts a spell.
Sigmund flickers and vanishes!
Deactivating autopickup; reactivate with Ctrl-A.
Throw: 8 darts (poison)
Press: ? - help, Shift-Dir - straight line You throw a poisoned dart.
Something hits you but does no damage.
You can now pass through a line of other dancers.
You hit something. Something hits you!
You hear some strange, mumbled words.
You are confused.
There is a stone staircase leading up here.
You bump into the rock wall.
Something hits you but does no damage.
You bump into the rock wall.
You hear some strange, mumbled words.
You are more confused.
You bump into the rock wall.
You hear some strange, mumbled words.
A puff of flame appears from out of thin air!
The puff of flame hits you!
* * * LOW HITPOINT WARNING * * *
You can no longer pass through a line of other dancers.
You bump into the rock wall.
Something hits you but does no damage.
It was a potion of flight.
You feel very buoyant.
You fly up into the air.
Something hits you but does no damage.
It was a potion of berserk rage.
A red film seems to cover your vision as you go berserk!
You feel yourself moving faster!
You feel mighty! Something hits you!
* * * LOW HITPOINT WARNING * * *
You are too berserk!
You feel a strong urge to attack something.
There is a stone staircase leading up here.
You bump into the rock wall.
Something hits you!
You die...

#######
.......####
.(....({@.#
######.##.#
#. ....
####.###
#.# #.# #.#
#.#


There were no monsters in sight!

Vanquished Creatures
  Terence (D:2)
  Natasha (thrice) (D:2)
  3 gnolls (D:2)
  A worm (D:2)
  A dart slug (D:1)
  A ball python (D:1)
  4 bats
  4 endoplasms (D:1)
  A giant cockroach (D:1)
  3 goblins (D:1)
  2 hobgoblins (D:1)
  2 jackals (D:2)
  3 kobolds
  4 frilled lizards
  2 rats
35 creatures vanquished.

Notes
Turn   | Place    | Note
-------+----------+-------------------------------------------
     0 | D:1      | dolemite99 the Demonspawn Gladiator began the quest for the
                  | Orb.
     0 | D:1      | Reached XP level 1. HP: 16/16 MP: 1/1
    43 | D:1      | Reached skill level 3 in Polearms
   228 | D:1      | Gained mutation: You have a pair of small horns on your
                  | head. [demonic ancestry]
   228 | D:1      | Reached XP level 2. HP: 22/22 MP: 2/2
   828 | D:1      | Found a faded altar of an unknown god.
   910 | D:1      | Became a worshipper of Uskayaw the Reveller
   910 | D:1      | Reached * piety under Uskayaw
  1028 | D:2      | Noticed Terence
  1040 | D:2      | Reached ** piety under Uskayaw
  1047 | D:2      | Killed Terence
  1048 | D:2      | Reached skill level 4 in Polearms
  1048 | D:2      | Gained mutation: You have sharp fingernails. [demonic
                  | ancestry]
  1048 | D:2      | Reached XP level 3. HP: 21/27 MP: 3/3
  1234 | D:2      | Gained mutation: You are partially covered in sharp spines.
                  | [demonic ancestry]
  1234 | D:2      | Reached XP level 4. HP: 30/33 MP: 4/4
  1526 | D:2      | Noticed Natasha
  1539 | D:2      | Killed Natasha
  1540 | D:2      | Reached skill level 5 in Polearms
  1663 | D:2      | Noticed Natasha
  1670 | D:2      | Killed Natasha
  1671 | D:2      | Reached XP level 5. HP: 20/38 MP: 5/5
  1734 | D:2      | Noticed Natasha
  1744 | D:2      | Killed Natasha
  2684 | D:3      | Noticed Sigmund
  2704 | D:3      | Slain by Sigmund

Illustrated notes

Levels and vault maps discovered:
D:1:      tarquinn_simple_flora_water_f, layout_basic, basic_ecumenical_altar,
          chequers_serial_rivers_room_a
D:2:      layout_basic, serial_park_tiny_2, uniq_terence, uniq_natasha
D:3:      layout_loops_ring, lightli_temple_of_fire, uniq_sigmund

Skill      XL: |  1  2  3  4 |
---------------+-------------+-----
Polearms       | 3 4 5 |  5.4
Fighting       | |  2.0
Throwing       | |  1.7
Dodging        | |  2.6

Action                   |  1- 3 |  4- 6 || total
-------------------------+-------+-------++-------
Melee: Trident           |    77 |    32 ||   109
       Headbutt          |     9 |     5 ||    14
Throw: Throwing net      |     3 |       ||     3
       Dart              |     5 |    21 ||    26
       Stone             |       |     5 ||     5
  Use: Potion            |       |     2 ||     2
 Stab: Sleeping          |     2 |       ||     2
       Held in net/web   |     2 |       ||     2
Armor: Leather armour    |     6 |       ||     6
       Ring mail         |    21 |       ||    21
       Chain mail        |     3 |     6 ||     9
Dodge: Dodged            |    51 |     5 ||    56
